 Dungeon Crawl Stone Soup version 0.20-a0-1020-g7b9e4fe (webtiles) character file.

1094 Monsterracer the Cleaver (level 8, -4/64 HPs)
             Began as a Minotaur Berserker on Apr 18, 2017.
             Was an Elder of Trog.
             Splashed by an orc's acid (13 damage)
             ... on level 5 of the Dungeon.
             The game lasted 00:07:20 (4095 turns).

Monsterracer the Cleaver (Minotaur Berserker)       Turns: 4095, Time: 00:07:22

Health: -4/64      AC: 13    Str: 19 (21) XL:     8   Next: 10%
Magic:  7/7        EV:  5    Int:  2 (4)  God:    Trog [****..]
Gold:   329        SH:  0    Dex: 13      Spells: 7/7 levels left

rFire    . . .     SeeInvis .   b - +0 war axe
rCold    + . .     Gourm    .   r - +2 buckler
rNeg     . . .     Faith    .   k - +0 plate armour
rPois    .         Spirit   .   (helmet restricted)
rElec    .         Reflect  .   t - +1 cloak
rCorr    .         Harm     .   (no gloves)
MR       .....                  (no boots)
Stlth    ..........             (no amulet)
Regen    0.2/turn               (no ring)
MPRegen  0.1/turn               (no ring)

@: confused
A: retaliatory headbutt, horns 2, agile 1, cold resistance 1, weak 1
a: Berserk, Trog's Hand, Brothers in Arms, Burn Spellbooks, Renounce Religion


You were on level 5 of the Dungeon.
You worshipped Trog.
Trog was greatly pleased with you.
You were not hungry.

You visited 1 branch of the dungeon, and saw 5 of its levels.
You also visited: Sewer.

You collected 329 gold pieces.

Inventory:

Hand Weapons
 b - a +0 war axe (weapon)
 n - a +0 battleaxe
Armour
 k - a +0 plate armour (worn)
 r - a +2 buckler (worn)
 t - a +1 cloak (worn)
Wands
 a - a wand of acid (6/15)
Scrolls
 e - 6 scrolls of identify
 g - a scroll of enchant armour
 h - a scroll of fear
 i - a scroll of teleportation
 l - 2 scrolls of blinking
Potions
 o - a potion of agility
 p - 2 potions of might
 q - 2 potions of heal wounds
Comestibles
 c - 3 bread rations


   Skills:
 + Level 3.6 Fighting
 * Level 11.6 Axes
 + Level 2.4 Armour
 + Level 2.4 Dodging
 + Level 0.0 Shields


You had 7 spell levels left.
You didn't know any spells.

Dungeon Overview and Level Annotations

Branches:
Dungeon (5/15)             Temple (0/1) D:5

Altars:
Wu Jian

Shops:
D:4 }


Innate Abilities, Weirdness & Mutations

You reflexively headbutt those who attack you in melee.
You have a pair of horns on your head.
You are agile. (Dex +2)
Your flesh is cold resistant. (rC+)
You are weak. (Str -2)


Message History

The orc wizard flickers and vanishes!
Deactivating autopickup; reactivate with Ctrl-A. 2 orcs come into view.
The orc shouts! x2
A worker ant comes into view.
You hear some strange, mumbled words.
You are confused.
The orc zaps a wand.
The bolt of acid hits something.
Reactivating autopickup.
The bolt of acid hits you!
You are splashed with acid!
The acid burns!
It is a wand of acid (?/15).
You are too injured to fight recklessly!
You are too injured to fight recklessly!
You are too injured to fight recklessly!
Unknown command.
You bump into the rock wall.
The orc zaps a wand.
The bolt of acid hits you!
* * * LOW HITPOINT WARNING * * *
You are splashed with acid!
The acid burns!
You die... ..# #.# ##.## ##...## ..... .oa

#.# #o# #.# #@# #.#
#.# #.# ##.# #.# #..#
.# #.# #.## .# #.#.#
##.##
.######.#.####...###.#
... ...#............#
.######.######...#####


You could see a worker ant and 2 orcs.

Vanquished Creatures
  Eustachio (D:4)
  Purgy (Sewer)
  A phantom (D:4)
  The ghost of inmateoo the Scratcher, an amateur FeTm (Sewer)
  A water moccasin skeleton (D:3)
  A jelly (D:4)
  3 hounds
  3 orc priests (D:3)
  Crazy Yiuf (D:4)
  Terence (D:2)
  4 worker ants (D:5)
  3 orc wizards
  A worker ant zombie (D:5)
  7 adders
  A river rat (D:5)
  An ooze (D:3)
  3 worms
  3 dart slugs (D:1)
  3 leopard geckos
  14 orcs
  10 bats
  6 giant cockroaches
  5 goblins
  7 hobgoblins
  12 jackals
  A quokka (D:5)
  A ball python (D:5)
  8 frilled lizards
  8 kobolds
  15 rats
127 creatures vanquished.

Vanquished Creatures (others)
  An orc wizard (D:5)
1 creature vanquished.

Grand Total: 128 creatures vanquished

Notes
Turn   | Place    | Note
-------+----------+-------------------------------------------
     0 | D:1      | Monsterracer the Minotaur Berserker began the quest for the Orb.
     0 | D:1      | Reached XP level 1. HP: 19/19 MP: 0/0
    39 | D:1      | Gained mutation: You are agile. (Dex +2) [potion of mutation]
    39 | D:1      | Gained mutation: You are weak. (Str -2) [potion of mutation]
    39 | D:1      | Gained mutation: Your flesh is cold resistant. (rC+) [potion of mutation]
    51 | D:1      | Reached skill level 4 in Axes
    61 | D:1      | Reached XP level 2. HP: 9/26 MP: 1/1
   622 | D:1      | Reached skill level 5 in Axes
   702 | D:1      | Reached XP level 3. HP: 28/31 MP: 2/2
   798 | D:1      | Reached ** piety under Trog
  1017 | D:2      | Noticed Terence
  1023 | D:2      | Killed Terence
  1181 | D:2      | Reached XP level 4. HP: 39/39 MP: 3/3
  1260 | D:2      | Reached skill level 6 in Axes
  1268 | D:2      | Found an ornate altar of the Wu Jian Council.
  1844 | D:3      | Reached XP level 5. HP: 45/45 MP: 4/4
  1848 | D:3      | Reached skill level 7 in Axes
  2271 | D:3      | Reached skill level 8 in Axes
  2281 | D:3      | Reached XP level 6. HP: 51/51 MP: 5/5
  2436 | D:3      | Reached *** piety under Trog
  2724 | D:4      | Noticed Eustachio
  2741 | D:4      | Killed Eustachio
  2741 | D:4      | Reached skill level 9 in Axes
  2779 | D:4      | Found a runed door.
  3080 | D:4      | Found Ushuem's Gadget Shop.
  3125 | D:4      | Reached XP level 7. HP: 36/57 MP: 6/6
  3243 | D:4      | Reached skill level 10 in Axes
  3409 | D:4      | Noticed Crazy Yiuf
  3414 | D:4      | Killed Crazy Yiuf
  3601 | D:5      | Entered Level 5 of the Dungeon
  3608 | D:5      | Found a staircase to the Ecumenical Temple.
  3778 | D:5      | Reached skill level 11 in Axes
  3855 | D:5      | Found a glowing drain.
  3866 | Sewer    | Entered a sewer
  3866 | Sewer    | Noticed inmateoo's ghost (amateur FeTm)
  3869 | Sewer    | Reached **** piety under Trog
  3877 | Sewer    | Killed inmateoo's ghost
  3922 | Sewer    | Noticed Purgy
  3934 | Sewer    | Killed Purgy
  3934 | Sewer    | Reached XP level 8. HP: 60/64 MP: 7/7
  4095 | D:5      | Splashed by an orc's acid

Vault maps used:
D:1:      minmay_arrival_four_loops, kennysheep_minor_cross, bh_walls_and_bars
D:2:      lemuel_round_altar, uniq_terence
D:4:      serial_shops, shop, uniq_eustachio, uniq_crazy_yiuf_cottage
D:5:      minmay_temple_entry_trees, first_bread, portal_sewer_entry_b,
          corexii_leaking_fountain
Sewer:    sewer_big_baddie

Skill      XL: |  1  2  3  4  5  6  7 |
---------------+----------------------+-----
Axes           | 4 5 6 8 9 11 | 11.6
Fighting       | |  3.6
Armour         | |  2.4
Dodging        | |  2.4

Action                   |  1- 3 |  4- 6 |  7- 9 || total
-------------------------+-------+-------+-------++-------
Melee: Hand axe          |    66 |    61 |       ||   127
       Headbutt          |    10 |    19 |    14 ||    43
       Battleaxe         |       |    78 |    78 ||   156
       War axe           |       |       |    15 ||    15
Invok: Berserk           |     3 |     3 |     2 ||     8
       Trog's Hand       |       |     1 |       ||     1
  Use: Potion            |     3 |     3 |     3 ||     9
       Scroll            |       |       |    11 ||    11
  Eat: Bread ration      |     1 |       |       ||     1
       Chunk             |       |     8 |     6 ||    14
Armor: Animal skin       |     4 |       |       ||     4
       Chain mail        |    25 |    18 |       ||    43
       Plate armour      |       |    71 |    98 ||   169
Dodge: Dodged            |    28 |    64 |    39 ||   131
Block: Buckler           |       |       |     1 ||     1
